 Dungeon Crawl Stone Soup version 0.29.0-13-gc9e81de378 (webtiles) character file.

Game seed: 10590159164157639935

1108 Ashen the Chiller (level 8, -3/59 (60) HPs)
             Began as a Demonspawn Ice Elementalist on Sept 7, 2022.
             Was an Initiate of Vehumet.
             Succumbed to an orc wizard's poison
             ... on level 5 of the Dungeon.
             The game lasted 00:10:51 (7936 turns).

Ashen the Chiller (Demonspawn Ice Elementalist)     Turns: 7936, Time: 00:10:52

HP:   -3/59 (60)    AC:  5    Str:  8 (9)  XL:     8   Next: 11%
MP:   12/14         EV: 13    Int: 21 (23) God:    Vehumet [......]
Gold: 222           SH:  4    Dex: 11 (13) Spells: 4/15 levels left

rFire   . . .      SeeInvis .   f - +0 broad axe
rCold   . . .      Faith    +   (no shield)
rNeg    . . .      Spirit   .   u - +2 robe {Will+}
rPois   .          Reflect  .   (no helmet)
rElec   .          Harm     .   (no cloak)
rCorr   .          Rampage  .   (no gloves)
Will    +....                   g - +0 pair of boots
Stlth   ++........              j - amulet of faith
HPRegen 0.19/turn               (no ring)
MPRegen 0.14/turn               (no ring)

@: lethally poisoned (-3 -> -29), lightly drained
A: demonic guardian 1, big brain 2, condensation shield
a: Renounce Religion


You were on level 5 of the Dungeon.
You worshipped Vehumet.
Vehumet was noncommittal.
You visited 1 branch of the dungeon, and saw 5 of its levels.

You collected 222 gold pieces.

Inventory:

Hand Weapons
 f - a +0 broad axe (weapon)
Missiles
 A - a throwing net
Armour
 a - a +0 robe
 g - a +0 pair of boots (worn)
 u - a +2 robe of willpower (worn)
Jewellery
 j - an amulet of faith (around neck)
Wands
 m - a wand of flame (8)
 q - a wand of polymorph (17)
 s - a wand of digging (9)
 x - a wand of mindburst (10)
 y - a wand of charming (5)
Scrolls
 c - 5 scrolls of poison {unknown}
 d - 5 scrolls of identify {unknown}
 h - 3 scrolls of enchant weapon {unknown}
 k - a scroll of amnesia {unknown}
 n - a scroll of acquirement {unknown}
 o - a scroll of teleportation {unknown}
 v - a scroll of immolation {unknown}
 B - a scroll of enchant armour {unknown}
Potions
 b - 2 potions of magic
 e - a potion of lignification {unknown}
 i - a potion of resistance {unknown}
 l - a potion of degeneration
 p - 2 potions of curing {unknown}
 r - a potion of might {unknown}
 t - a potion of mutation {unknown}
 w - 2 potions of berserk rage {unknown}
 z - a potion of ambrosia {unknown}


   Skills:
 + Level 4.0 Fighting
 + Level 4.1 Dodging
 + Level 4.4 Stealth
 + Level 4.2 Spellcasting
 + Level 1.2 Conjurations
 + Level 5.2 Ice Magic


You had 4 spell levels left.
You knew the following spells:

 Your Spells              Type           Power      Damage    Failure   Level
a - Freeze                Ice            100%       1d11      1%          1
b - Frozen Ramparts       Ice            52%        1d8       4%          3
c - Ozocubu's Armour      Ice            26%        N/A       4%          3
d - Hailstorm             Conj/Ice       18%        3d6       30%         4

Your spell library contained the following spells:

 Spells                   Type           Power      Damage    Failure   Level
 Ignite Poison            Fire/Tmut/Pois 4%         N/A       34%         3
 Fireball                 Conj/Fire      3%         3d4       94%         5
 Simulacrum               Ice/Necr       7%         N/A       99%         6


Dungeon Overview and Level Annotations

Branches:
Dungeon (5/15)             Temple (0/1) D:5

Altars:
Dithmenos
Fedhas
Hepliaklqana
Uskayaw
Vehumet
Xom
Yredelemnul


Innate Abilities, Weirdness & Mutations

A weak demonic guardian rushes to your aid.
You have an extremely huge brain. (Int +4)
A meltable shield of frost defends you. (SH +4)


Message History

The orc wizard is moderately wounded.
You feel extremely sick. The orc wizard misses you.
The orc wizard hits you but does no damage.
You are more poisoned.
You closely miss the orc wizard.
The orc wizard is moderately wounded.
You feel extremely sick.
The orc wizard hits you but does no damage.
You are lethally poisoned!
The orc wizard hits you with a +0 dagger of venom.
You are more poisoned.
Casting: Ozocubu's Armour (dangerous; 3% risk of failure)
Confirm with . or Enter, or press ? or * to list all spells.
Aiming: Freeze (safe; 1% risk of failure)
Press: ? - help, Shift-Dir - straight line, f - orc wizard
Aim: an orc wizard, wielding a +0 dagger of venom and wearing a +0 robe (moderately wounded)
You freeze the orc wizard!
The orc wizard is severely wounded.
* * * LOW HITPOINT WARNING * * *
You feel extremely sick. The orc wizard casts a spell at you.
The magic dart hits you.
* * * LOW HITPOINT WARNING * * *
A demonic guardian appears!
Casting: Freeze (safe; 1% risk of failure)
Confirm with . or Enter, or press ? or * to list all spells.
Aiming: Freeze (safe; 1% risk of failure)
Press: ? - help, Shift-Dir - straight line, f/p - orc wizard
Aim: an orc wizard, wielding a +0 dagger of venom and wearing a +0 robe (severely wounded, ally target)
You freeze the orc wizard!
You kill the orc wizard!
Vehumet accepts your kill.
* * * LOW HITPOINT WARNING * * *
You feel extremely sick.
Your Fighting skill increases to level 4!
It was a potion of degeneration.
There was something very wrong with that liquid.
You feel weakened.
You feel dopey.
You feel clumsy.
You die...

### #.# #.## #..
# #)# .. #@# ..
#5# #. #.#
#.##.########
#...........#
..#.^.........#
#.#...........#
.......>.......#
...............#


You could see a friendly quasit (summoned).

Vanquished Creatures
  Sigmund (D:2)
  2 black bears
  A phantom (D:4)
  A scorpion (D:4)
  A necrophage (D:5)
  A howler monkey (D:4)
  A hound (D:5)
  A jelly (D:4)
  2 iguanas
  Ijyb (D:3)
  Jessica (D:3)
  Natasha (thrice) (D:3)
  An orc wizard (D:5)
  Robin (D:3)
  8 gnolls
  7 adders
  2 worms
  6 dart slugs
  10 orcs
  3 bats
  6 endoplasms
  2 giant cockroaches
  8 hobgoblins
  5 quokkas
  4 ball pythons
  2 frilled lizards
  18 goblins
  5 kobolds
  5 rats
109 creatures vanquished.

Vanquished Creatures (others)
  2 plants (D:5)
2 creatures vanquished.

Grand Total: 111 creatures vanquished

Notes
Turn   | Place    | Note
-------+----------+-------------------------------------------
     0 | D:1      | Ashen the Demonspawn Ice Elementalist began the quest for
                  | the Orb.
     0 | D:1      | Reached XP level 1. HP: 13/13 MP: 3/3
     2 | D:1      | Noticed a draconian
     2 | D:1      | Noticed a minotaur
     4 | D:1      | Noticed a palentonga
     4 | D:1      | Noticed a felid
     6 | D:1      | Noticed a vine stalker
     8 | D:1      | Noticed an ogre
     8 | D:1      | Noticed a troll
    10 | D:1      | Noticed a demigod
    12 | D:1      | Noticed a tengu
    12 | D:1      | Noticed a naga
    14 | D:1      | Noticed a formicid
    14 | D:1      | Noticed an octopode
    16 | D:1      | Noticed a human
    16 | D:1      | Noticed a demonspawn
    18 | D:1      | Noticed a vampire
    20 | D:1      | Noticed a ghoul
    20 | D:1      | Noticed a meteoran
    22 | D:1      | Noticed an elf
    22 | D:1      | Noticed a spriggan
    24 | D:1      | Noticed a gargoyle
    26 | D:1      | Noticed a troll
    26 | D:1      | Noticed a human
   252 | D:1      | Gained mutation: You have an unusually large brain. (Int
                  | +2) [demonic ancestry]
   252 | D:1      | Reached XP level 2. HP: 12/20 MP: 1/5
   668 | D:1      | Found a faded altar of an unknown god.
  1379 | D:2      | Reached skill level 1 in Fighting
  1384 | D:2      | Reached XP level 3. HP: 26/26 MP: 1/6
  2140 | D:3      | Noticed Robin
  2152 | D:2      | Learned a level 3 spell: Frozen Ramparts
  2155 | D:3      | Reached XP level 4. HP: 30/32 MP: 3/7
  2159 | D:3      | Reached skill level 4 in Ice Magic
  2159 | D:3      | Learned a level 3 spell: Ozocubu's Armour
  2340 | D:3      | Killed Robin
  2672 | D:3      | Gained mutation: You have an extremely huge brain. (Int +4)
                  | [demonic ancestry]
  2672 | D:3      | Reached XP level 5. HP: 25/38 MP: 2/9
  2672 | D:3      | Found a blossoming altar of Fedhas.
  2787 | D:3      | Noticed Sigmund
  3106 | D:2      | Killed Sigmund
  3107 | D:2      | Reached XP level 6. HP: 12/46 MP: 0/10
  3604 | D:3      | Found a hazy altar of Hepliaklqana.
  3799 | D:3      | Noticed Ijyb
  3806 | D:3      | Killed Ijyb
  3909 | D:3      | Noticed Jessica
  3919 | D:3      | Killed Jessica
  4228 | D:3      | Noticed Natasha
  4235 | D:3      | Killed Natasha
  4402 | D:3      | Found a hazy altar of Hepliaklqana.
  4424 | D:3      | Noticed Natasha
  4434 | D:3      | Killed Natasha
  4794 | D:3      | Noticed Natasha
  4801 | D:3      | Found a blossoming altar of Fedhas.
  4816 | D:3      | Killed Natasha
  5266 | D:4      | Gained mutation: A meltable shield of frost defends you.
                  | (SH +4) [demonic ancestry]
  5266 | D:4      | Reached XP level 7. HP: 52/52 MP: 9/12
  5291 | D:4      | Found a shimmering altar of Xom.
  5651 | D:4      | Found a hide-covered altar of Uskayaw.
  5831 | D:4      | Found a radiant altar of Vehumet.
  5917 | D:4      | Became a worshipper of Vehumet
  6660 | D:5      | Entered Level 5 of the Dungeon
  6672 | D:5      | Got Sif Muna's Secrets of Conflagrant Congelation
  6690 | D:4      | Reached skill level 5 in Ice Magic
  6695 | D:4      | Learned a level 4 spell: Hailstorm
  7418 | D:5      | Found a staircase to the Ecumenical Temple.
  7454 | D:5      | Found a basalt altar of Yredelemnul.
  7539 | D:5      | Found a shadowy altar of Dithmenos.
  7693 | D:5      | Reached skill level 1 in Conjurations
  7693 | D:5      | Gained mutation: A weak demonic guardian rushes to your
                  | aid. [demonic ancestry]
  7693 | D:5      | Reached XP level 8. HP: 41/60 MP: 14/14
  7936 | D:5      | Succumbed to an orc wizard's poison

Illustrated notes

Levels and vault maps discovered:
D:1:      kb_arrival_jail, layout_loops_ring, ebering_ecumenical_altar_hall,
          amcnicky_mini_corridor_feature
D:2:      layout_basic, minmay_cupped
D:3:      layout_loops_ring, nicolae_hepliaklqana_hippocampus, fedhas_altar_2,
          uniq_sigmund, uniq_jessica, uniq_natasha, uniq_ijyb, uniq_robin
D:4:      layout_loops_corners, tgw_xom, nicolae_uskayaw_dance_hall,
          nicolae_vehumet_radiance, serial_park_tiny_1
D:5:      layout_basic, kennysheep_ying_yang,
          mainiacjoe_overflow_concentric_impassable, general_overflow_altar,
          grunt_dithmenos_smoke, minmay_temple_entry_overgrown, serial_shops,
          nicolae_square_shop, minivault_19

Skill      XL: |  1  2  3  4  5  6  7  8 |
---------------+-------------------------+-----
Stealth        | 2 3 4 |  4.4
Dodging        | 2 3 4 |  4.1
Fighting       | 1 2 3 4 |  4.0
Ice Magic      | 4 5 |  5.2
Spellcasting   | 3 4 |  4.2
Conjurations   | 1 |  1.2

Action                   |  1- 3 |  4- 6 |  7- 9 || total
-------------------------+-------+-------+-------++-------
Melee: Unarmed           |    15 |    52 |       ||    67
       Punch             |       |     1 |     2 ||     3
       Dagger            |       |    21 |    70 ||    91
       Broad axe         |       |       |    61 ||    61
 Cast: Freeze            |    46 |    57 |    18 ||   121
       Frozen Ramparts   |     1 |     7 |     3 ||    11
       Ozocubu's Armour  |       |     7 |    12 ||    19
Evoke: Wand              |       |     7 |     3 ||    10
  Use: Potion            |       |       |     2 ||     2
 Stab: Sleeping          |     2 |     2 |    10 ||    14
Armor: Robe              |     9 |    31 |    61 ||   101
       Skin              |       |    10 |       ||    10
Dodge: Dodged            |    26 |    56 |   138 ||   220
Block: Other             |       |       |    39 ||    39
